 Dungeon Sprint DCSS version 0.29.1-15-g9cfb28693d (webtiles) character file.

Game seed: 11752305520497055383

14639 Hakkniv the Geomancer (level 12, -21/80 HPs)
             Began as a Gargoyle Earth Elementalist on Apr 3, 2023.
             Was the Champion of Vehumet.
             Killed from afar by Xomeqomu the pandemonium lord (51 damage)
             ... with a bolt of dispelling energy
             ... in the Dungeon (Sprint V: "Ziggurat Sprint").
             The game lasted 00:28:23 (1973 turns).

Hakkniv the Geomancer (Gargoyle Earth Elementalist) Turns: 1973, Time: 00:28:24

Health: -21/80     AC: 38    Str: 16    XL:     12   Next: 18%
Magic:  35/36      EV: -1    Int: 26    God:    Vehumet [******]
Gold:   0          SH: 30    Dex: 16    Spells: 11/31 levels left

rFire   + . .      SeeInvis .   B - +5 demon whip
rCold   + + .      Faith    .   A - +18 shield of the Gong {rElec rN+ Will+ EV-5}
rNeg    + + .      Spirit   .   F - +9 gold dragon scales "Ysihon" {+Inv rElec rPois rF+ rC+ Dex+6 Stlth+}
rPois   ∞          Reflect  .   x - +3 hat of Pondering {ponderous, Will+ MP+10 Int+5}
rElec   +          Harm     .   (no cloak)
rCorr   .          Rampage  .   (no gloves)
Will    +++..      NoTele   +   (no boots)
Stlth   ..........              (no amulet)
HPRegen 0.23/turn               K - ring of protection from fire
MPRegen 0.25/turn               k - ring "Jyrph" {Ice rElec Will+ Str+4 Slay+6}

@: invisible (expiring), slow
A: sickness immunity, AC +8, negative energy resistance 1, electricity
resistance, torment resistance 1, petrification resistance
a: Renounce Religion, Evoke Invisibility


You were in the Dungeon.
You worshipped Vehumet.
Vehumet was exalted by your worship.
You visited 1 branch

Inventory:

Hand Weapons
 B - a +5 demon whip (weapon)
Armour
 a - a +0 robe
 x - the +3 hat of Pondering (worn) {ponderous, Will+ MP+10 Int+5}
   (You found it in the Dungeon)

   Int:       It affects your intelligence (+5).
   MP:        It affects your magic capacity (+10).
   Will:      It increases your willpower.
 A - the +18 shield of the Gong (worn) {rElec rN+ Will+ EV-5}
   (You found it in the Dungeon)

   It is deafeningly noisy when blocking attacks.
   EV:        It affects your evasion (-5).
   rElec:     It insulates you from electricity.
   rN:        It protects you from negative energy.
   Will:      It increases your willpower.
 D - +5 gold dragon scales
 E - the +15 Maxwell's patent armour {-Cast -Tele rElec Will+ rCorr}
   (You found it in the Dungeon)

   rElec:     It insulates you from electricity.
   -Cast:     It prevents spellcasting.
   -Tele:     It prevents most forms of teleportation.
   rCorr:     It protects you from acid and corrosion.
   Will:      It increases your willpower.
 F - the +9 gold dragon scales "Ysihon" (worn) {+Inv rElec rPois rF+ rC+ Dex+6 Stlth+}
   (You found it in the Dungeon)

   Dex:       It affects your dexterity (+6).
   rF:        It protects you from fire.
   rC:        It protects you from cold.
   rElec:     It insulates you from electricity.
   rPois:     It protects you from poison.
   +Inv:      It lets you turn invisible.
   Stlth:     It makes you more stealthy.
Magical Staves
 H - a staff of fire
 I - a staff of earth
Jewellery
 c - a ring of protection from cold
 d - the macabre finger necklace {rN+}
   (You found it in the Dungeon)

   [amulet of nothing]

   It enables you to equip an extra ring.
   rN:        It protects you from negative energy.
 g - a +6 ring of intelligence
 k - the ring "Jyrph" (right hand) {Ice rElec Will+ Str+4 Slay+6}
   (You found it in the Dungeon)

   [ring of ice]

   It enhances your ice magic.
   Str:       It affects your strength (+4).
   Slay:      It affects your accuracy & damage with ranged weapons and melee
   (+6).
   rF:        It makes you vulnerable to fire.
   rC:        It protects you from cold.
   rElec:     It insulates you from electricity.
   Will:      It increases your willpower.
 q - a ring of flight
 r - a +6 ring of dexterity
 s - a +6 ring of dexterity
 t - a +6 ring of intelligence
 u - a +6 ring of intelligence
 v - a +6 ring of strength
 w - a +6 ring of strength
 G - the ring of Shadows {Umbra +Inv Stlth+}
   (You found it in the Dungeon)

   [ring of stealth]

   It surrounds you with an aura of shadow, increasing your stealth and reducing
   the accuracy of all others within it.
   +Inv:      It lets you turn invisible.
   Stlth:     It makes you more stealthy.
 J - a ring of positive energy
 K - a ring of protection from fire (left hand)
Scrolls
 m - 4 scrolls of amnesia
 n - 6 scrolls of fog
 o - 5 scrolls of identify
 p - 2 scrolls of fear
Potions
 b - 8 potions of magic
 e - 4 potions of haste
 f - 3 potions of berserk rage
 h - a potion of brilliance
 i - a potion of invisibility
 j - 3 potions of resistance
 l - 5 potions of might
Miscellaneous
 y - a tin of tremorstones (inert)
 z - a tin of tremorstones (inert)
 C - a lightning rod (1/4)


   Skills:
 + Level 11.7 Fighting
 + Level 10.8 Maces & Flails
 * Level 9.6 Armour
 + Level 9.3 Dodging
 - Level 2.1 Stealth
 + Level 11.7 Shields
 + Level 10.2 Spellcasting
 + Level 9.4 Transmutations
 + Level 13.2 Earth Magic
 * Level 8.3 Evocations


You had 11 spell levels left.
You knew the following spells:

 Your Spells              Type           Power      Damage    Failure   Level
a - Sandblast             Erth           100%       2d20      3%          1
b - Shatter               Erth           34%        3d28*     100%        9
c - Petrify               Tmut/Erth      64%        N/A       95%         4
d - Conjure Flame         Conj/Fire      13%        6-21      100%        3
e - Stone Arrow           Conj/Erth      94%        3d12      77%         3

Your spell library contained the following spells:

 Spells                   Type           Power      Damage    Failure   Level
 Conjure Ball Lightning   Conj/Air       6%         3x3d6     100%        6
 Passwall                 Tmut/Erth      53%        N/A       36%         2
 Foxfire                  Conj/Fire      52%        2x1d6     99%         1
 Freeze                   Ice            76%        1d9       99%         1
 Summon Small Mammal      Summ           52%        N/A       100%        1
 Poisonous Vapours        Pois/Air       26%        N/A       100%        2
 Searing Ray              Conj           26%        2d5       100%        2
 Static Discharge         Conj/Air       13%        3-5/arc   100%        2
 Frozen Ramparts          Ice            38%        1d6       100%        3
 Inner Flame              Hex/Fire       13%        N/A       100%        3
 Ozocubu's Armour         Ice            19%        N/A       100%        3
 Airstrike                Air            6%         2d(1-17)  100%        4
 Anguish                  Hex/Necr       6%         N/A       100%        4
 Corpse Rot               Necr/Pois/Air  13%        N/A       100%        4
 Flame Wave               Conj/Fire      13%        2d6       100%        4
 Hailstorm                Conj/Ice       19%        3d6       100%        4
 Ice Form                 Ice/Tmut       54%        N/A       100%        4
 Leda's Liquefaction      Hex/Erth       23%        N/A       100%        4
 Summon Lightning Spire   Summ/Air       13%        N/A       100%        4
 Lightning Bolt           Conj/Air       6%         1d18      100%        5
 Metabolic Englaciation   Hex/Ice        9%         N/A       100%        5
 Dispersal                Tloc           6%         N/A       100%        6
 Simulacrum               Ice/Necr       9%         N/A       100%        6
 Monstrous Menagerie      Summ           6%         N/A       100%        7
 Chain Lightning          Conj/Air       6%         3d8       100%        9


Dungeon Overview and Level Annotations

Branches:
Dungeon (1/1)

Altars:
Ashenzari
Cheibriados
Dithmenos
Elyvilon
Fedhas
Gozag
Hepliaklqana
Kikubaaqudgha
Makhleb
Nemelex Xobeh
Okawaru
Qazlal
Ru
Sif Muna
Trog
Uskayaw
Vehumet
Wu Jian
Xom
Yredelemnul
Zin
The Shining One
Jiyva
Lugonu


Innate Abilities, Weirdness & Mutations

You are immune to sickness and miasma.
Your stone body is resilient. (AC +8)
You are immune to poison.
You resist negative energy. (rN+)
You are resistant to electric shocks. (rElec)
You are resistant to unholy torment.
You are immune to petrification.


Message History

You kill the floating eye!
The floating eye disappears in a puff of smoke!
The burst of rock shards engulfs Cuhota Zatz but does no damage.
The burst of rock shards engulfs the shining eye!!
The burst of rock shards engulfs the hellwing.
The burst of rock shards engulfs Qogadda!!
The burst of rock shards engulfs Xomeqomu but does no damage.
The burst of rock shards engulfs the large abomination.
The burst of rock shards engulfs the blizzard demon but does no damage.
The burst of rock shards engulfs Xomeqomu but does no damage.
The burst of rock shards engulfs you but does no damage.
The burst of rock shards engulfs Cuhota Zatz but does no damage.
The burst of rock shards engulfs the shining eye!
The burst of rock shards engulfs Qogadda!!
The burst of rock shards engulfs the large abomination!
The tin is emptied!
Qogadda gestures at you. The bolt of energy hits you!!
Okay, then.
Okay, then.
Casting: Sandblast (safe; 3% risk of failure)
Confirm with . or Enter, or press ? or * to list all spells.
Aiming: Sandblast (safe; 3% risk of failure)
Press: ? - help, Shift-Dir - straight line, f - hellwing, p - Qogadda
Aim: a hellwing (lightly wounded, 85% to hit)
You feel a surge of power!
The blast of sand hits the hellwing but does no damage.
The hellwing is lightly wounded.
Xomeqomu gestures at you.
The bolt of dispelling energy hits you!!
Your magical effects are unravelling.
Cuhota Zatz gestures at you.
Qogadda blinks!
Xomeqomu blinks!
The ice devil blinks!
The hellwing blinks! x2
You fade into invisibility!
You feel yourself slow down.
You feel a little less clever now. Xomeqomu gestures at you.
The bolt of dispelling energy hits you!!!
Your magical effects are unravelling.
Ouch! That really hurt!
You die...

▓...|..|..▓
▓..}=)}}..▓....[.|..▓
▓.§§......▓.........▓
▓.G.&&2...▓.........▓
▓..X§.§§..▓.........▓
▓.....°...▓.).......▓
▓....°....▓.▓.....▓.▓
▓.▓.4&&.▓.▓..).©....▓
▓...4@4...▓▓▓▓▓▓▓▓▓▓▓
▓▓▓▓▓▓▓▓▓▓▓


You could see Ciale, Cuhota Zatz, Qogadda, Xomeqomu, a blizzard demon, a shining
eye (summoned), a large abomination (unable to see you), 2 hellwings and an ice
devil (unable to see you).

Vanquished Creatures
  2 ironbound preservers (D)
  A black draconian (D)
  2 white draconians (D)
  A great orb of eyes (D)
  A vault guard (D)
  An ironbound frostheart (D)
  A centaur warrior (D)
  A dancing weapon (D)
  2 deep elf knights (D)
  A harpy (D)
  3 deep elf zephyrmancers (D)
  3 draconians (D)
  2 efreet (D)
  A yaktaur (D)
  2 hornets (D)
  A tarantella (D)
  A jumping spider (D)
  3 spriggans (D)
  A ynoxinul (D)
  5 fire elementals (D)
  An ice beast (D)
  4 black bears (D)
  2 bullfrogs (D)
  4 scorpions (D)
  An orc priest (D)
  2 orc wizards (D)
  2 white imps (D)
  2 orcs (D)
  A jackal (D)
  A ball python simulacrum (D)
  A fire vortex (D)
56 creatures vanquished.

Vanquished Creatures (others)
  A fire vortex (D)
1 creature vanquished.

Grand Total: 57 creatures vanquished

Notes
Turn   | Place    | Note
-------+----------+-------------------------------------------
     0 | D        | Hakkniv the Gargoyle Earth Elementalist began the quest for
                  | the Orb.
     0 | D        | Reached XP level 1. HP: 10/10 MP: 3/3
     0 | D        | Found a shimmering blue altar of Sif Muna.
     0 | D        | Found a sacrificial altar of Ru.
     0 | D        | Found a bloodstained altar of Trog.
     0 | D        | Found a stormy altar of Qazlal.
     0 | D        | Found an iron altar of Okawaru.
     0 | D        | Found a sparkling altar of Nemelex Xobeh.
     0 | D        | Found a blossoming altar of Fedhas.
     0 | D        | Found the +6 Majin-Bo {vamp, MP+6 Int+6}
     0 | D        | Found the +9 heavy crossbow "Sniper" {vorpal, Acc+∞ SInv}
     0 | D        | Found the +10 dark maul {vorpal}
     0 | D        | Found the +15 Maxwell's patent armour {-Cast -Tele rElec
                  | Will+ rCorr}
     0 | D        | Found the +18 shield of the Gong {rElec rN+ Will+ EV-5}
     0 | D        | Found the +14 obsidian axe {vorpal, Mesm Drain Fly SInv}
     0 | D        | Found the +7 great mace "Firestarter" {inner flame, rF++}
     0 | D        | Found the +6 shillelagh "Devastator" {shatter}
     0 | D        | Found the +11 plutonium sword {Contam Stlth-}
     0 | D        | Found the +8 lance "Wyrmbane" {slay drac, rPois rF+ rC+
                  | AC+3}
     0 | D        | Found the +9 sword of Zonguldrok {reap}
     0 | D        | Found the +13 scythe of Curses {drain, Drain}
     0 | D        | Found the +5 sword of Power {vorpal}
     0 | D        | Found the +7 mace of Variability {chain chaos}
     0 | D        | Found the +7 Singing Sword {vorpal, sonic wave}
     0 | D        | Found the +8 storm bow {elec, penet}
     2 | D        | Found a transporter.
     2 | D        | Found an ancient bone altar of Kikubaaqudgha.
     2 | D        | Found a viscous altar of Jiyva.
     2 | D        | Found a corrupted altar of Lugonu.
     2 | D        | Found a hazy altar of Hepliaklqana.
     2 | D        | Found a burning altar of Makhleb.
     2 | D        | Found an opulent altar of Gozag.
   105 | D        | Became a worshipper of Vehumet
   235 | D        | Reached skill level 4 in Earth Magic
   235 | D        | Reached XP level 2. HP: 18/18 MP: 4/6
   246 | D        | Entered arena 2.
   246 | D        | Noticed a jumping spider
   246 | D        | Noticed a scorpion
   246 | D        | Found a transporter.
   266 | D        | Killed a scorpion
   267 | D        | Reached skill level 5 in Earth Magic
   267 | D        | Reached XP level 3. HP: 19/23 MP: 8/8
   267 | D        | Reached XP level 4. HP: 23/28 MP: 9/9
   269 | D        | Killed a jumping spider
   270 | D        | Reached skill level 5 in Fighting
   270 | D        | Reached skill level 5 in Shields
   270 | D        | Reached skill level 6 in Earth Magic
   270 | D        | Reached XP level 5. HP: 23/35 MP: 10/12
   274 | D        | Got the ring "Jyrph" {Ice rElec Will+ Str+4 Slay+6}
   384 | D        | Entered arena 3.
   384 | D        | Found a transporter.
   394 | D        | Reached * piety under Vehumet
   394 | D        | Offered knowledge of Shock by Vehumet.
   395 | D        | Reached skill level 5 in Spellcasting
   395 | D        | Reached skill level 7 in Earth Magic
   395 | D        | Reached XP level 6. HP: 34/40 MP: 13/13
   402 | D        | Reached skill level 5 in Maces & Flails
   408 | D        | Got the Spellbook of Lofty Spellbinding
   410 | D        | Got the +9 gold dragon scales "Ysihon" {+Inv rElec rPois
                  | rF+ rC+ Dex+6 Stlth+}
   443 | D        | Entered arena 4.
   443 | D        | Found the ring of Shadows {Umbra +Inv Stlth+}
   443 | D        | Noticed a tarantella
   443 | D        | Found a transporter.
   450 | D        | Killed a tarantella
   450 | D        | Reached ** piety under Vehumet
   451 | D        | Reached skill level 5 in Dodging
   451 | D        | Reached XP level 7. HP: 46/46 MP: 13/15
   456 | D        | Reached skill level 5 in Transmutations
   456 | D        | Reached skill level 8 in Earth Magic
   473 | D        | Got Sif Muna's Meditations on the Energetic Retinue
   497 | D        | Entered arena 5.
   497 | D        | Found a transporter.
   509 | D        | Offered knowledge of Magic Dart by Vehumet.
   509 | D        | Reached *** piety under Vehumet
   536 | D        | Entered arena 6.
   536 | D        | Found a transporter.
   543 | D        | Reached **** piety under Vehumet
   544 | D        | Reached XP level 8. HP: 52/52 MP: 17/17
   582 | D        | Entered arena 7.
   582 | D        | Noticed a draconian
   582 | D        | Noticed a draconian
   582 | D        | Noticed a black draconian
   582 | D        | Noticed a draconian
   582 | D        | Noticed a white draconian
   582 | D        | Noticed a white draconian
   588 | D        | Killed a draconian
   588 | D        | Reached ***** piety under Vehumet
   589 | D        | Reached skill level 9 in Earth Magic
   591 | D        | Killed a white draconian
   592 | D        | Reached XP level 9. HP: 45/59 MP: 17/19
   594 | D        | Killed a draconian
   595 | D        | Reached skill level 10 in Earth Magic
   596 | D        | Killed a draconian
   597 | D        | Reached skill level 5 in Armour
   597 | D        | Killed a white draconian
   612 | D        | Killed a black draconian
   613 | D        | Reached XP level 10. HP: 37/66 MP: 22/22
   851 | D        | Found a transporter.
   865 | D        | Got the Tome of Overcast Reformation
   873 | D        | Entered arena 8.
   873 | D        | Noticed a deep elf zephyrmancer
   873 | D        | Noticed a deep elf zephyrmancer
   873 | D        | Noticed a deep elf knight
   873 | D        | Noticed a +2 vorpal hand axe
   873 | D        | Noticed a deep elf knight
   873 | D        | Noticed a deep elf zephyrmancer
   878 | D        | Killed a deep elf zephyrmancer
   878 | D        | Offered knowledge of Ignite Poison by Vehumet.
   879 | D        | Reached skill level 11 in Earth Magic
   879 | D        | Reached skill level 1 in Evocations
   883 | D        | Killed a deep elf zephyrmancer
   884 | D        | Killed a +2 vorpal hand axe
   885 | D        | Reached skill level 10 in Fighting
   888 | D        | Killed a deep elf zephyrmancer
   889 | D        | Reached skill level 10 in Shields
   895 | D        | Killed a deep elf knight
   895 | D        | Reached ****** piety under Vehumet
   898 | D        | Found a transporter.
   906 | D        | Killed a deep elf knight
   907 | D        | Reached XP level 11. HP: 39/73 MP: 22/24
  1072 | D        | Got the Monograph on Dislocated Clay
  1084 | D        | Entered arena 9.
  1084 | D        | Noticed a spriggan rider
  1084 | D        | Noticed a spriggan rider
  1087 | D        | Offered knowledge of Fulminant Prism by Vehumet.
  1090 | D        | Reached skill level 5 in Evocations
  1090 | D        | Killed a spriggan rider
  1090 | D        | Killed a spriggan rider
  1091 | D        | Reached skill level 12 in Earth Magic
  1091 | D        | Found a transporter.
  1106 | D        | Got the Grimoire of the Fulgurant Winter
  1114 | D        | Entered arena 10.
  1114 | D        | Found the macabre finger necklace {rN+}
  1114 | D        | Noticed a vault guard
  1114 | D        | Noticed a centaur warrior
  1114 | D        | Noticed a great orb of eyes
  1114 | D        | Noticed an ironbound frostheart
  1114 | D        | Noticed an ironbound preserver
  1114 | D        | Noticed a harpy
  1114 | D        | Noticed an ironbound preserver
  1130 | D        | Killed a great orb of eyes
  1131 | D        | Reached skill level 10 in Maces & Flails
  1139 | D        | Killed a vault guard
  1139 | D        | Killed a centaur warrior
  1158 | D        | Killed a harpy
  1159 | D        | Killed an ironbound preserver
  1160 | D        | Found a transporter.
  1162 | D        | Killed an ironbound preserver
  1163 | D        | Reached skill level 10 in Spellcasting
  1166 | D        | Killed an ironbound frostheart
  1167 | D        | Reached skill level 13 in Earth Magic
  1167 | D        | Reached XP level 12. HP: 22/80 MP: 26/26
  1472 | D        | Entered arena 11.
  1472 | D        | Found the +3 hat of Pondering {ponderous, Will+ MP+10
                  | Int+5}
  1479 | D        | Found a transporter.
  1493 | D        | Offered knowledge of Freezing Cloud by Vehumet.
  1511 | D        | HP: 4/80 [efreet/bolt of fire (5)]
  1950 | D        | Learned a level 9 spell: Shatter
  1955 | D        | Learned a level 4 spell: Petrify
  1959 | D        | Learned a level 3 spell: Conjure Flame
  1963 | D        | Learned a level 3 spell: Stone Arrow
  1965 | D        | Entered arena 12.
  1965 | D        | Noticed Cuhota Zatz the pandemonium lord
  1965 | D        | Noticed Xomeqomu the pandemonium lord
  1965 | D        | Noticed a blizzard demon
  1966 | D        | Noticed Qogadda the pandemonium lord
  1969 | D        | Noticed Ciale the pandemonium lord
  1970 | D        | Offered knowledge of Conjure Ball Lightning by Vehumet.
  1973 | D        | Killed from afar by Xomeqomu the pandemonium lord

Illustrated notes

Levels and vault maps discovered:
D:        sprint_v [room_start, room_1, room_2, room_3, room_4, room_5, room_6,
          room_7, room_8, room_9, room_10, room_11, room_12, room_13, room_14,
          room_15, room_16, room_17, room_18, room_19, room_20, room_21,
          room_22, room_23, room_24, room_25, room_26, room_27]

Skill      XL: |  1  2  3  4  5  6  7  8  9 10 11 12 |
---------------+-------------------------------------+-----
Fighting       | 2 3 5 6 8 9 10 11 | 11.7
Maces & Flails | 2 3 4 5 6 7 8 9 10 | 10.8
Dodging        | 2 3 4 5 6 7 8 9 |  9.3
Shields        | 2 3 5 6 7 8 9 10 11 | 11.7
Spellcasting   | 3 4 5 6 7 8 9 10 | 10.2
Transmutations | 2 3 4 5 6 7 8 9 |  9.4
Earth Magic    | 4 5 6 7 8 9 10 11 13 | 13.2
Armour         | 4 6 7 9 |  9.6
Evocations     | 4 7 8 |  8.3
Stealth        | |  2.1

Action                   |  1- 3 |  4- 6 |  7- 9 | 10-12 || total
-------------------------+-------+-------+-------+-------++-------
Melee: Demon whip        |    19 |    21 |    52 |    32 ||   124
 Cast: Sandblast         |       |       |       |    17 ||    17
Evoke: Lightning rod     |       |       |    13 |    24 ||    37
       Wand              |       |       |       |    21 ||    21
       Tin of tremorston |       |       |       |     2 ||     2
  Use: Potion            |     1 |       |     2 |    23 ||    26
       Scroll            |       |       |       |     5 ||     5
Armor: Plate armour      |    28 |    20 |    20 |    71 ||   139
       Gold dragon scale |       |       |       |    34 ||    34
Dodge: Dodged            |     1 |     1 |     1 |     4 ||     7
Block: Kite shield       |    38 |    40 |    68 |   170 ||   316
